 Dungeon Crawl Stone Soup version 0.31-a0-233-g139696dc86 (webtiles) character file.

Game seed: 4506284873674607044

70 protoss039 the Digger (level 4, 33/33 HPs)
             Began as a Demonspawn Earth Elementalist on July 9, 2023.
             Got out of the dungeon alive.
             The game lasted 00:02:12 (2114 turns).

protoss039 the Digger (DsEE)                        Turns: 2114, Time: 00:02:13

Health: 33/33      AC:  2    Str:  8    XL:     4   Next: 3%
Magic:  8/8        EV: 12    Int: 19    God:
Gold:   103        SH:  4    Dex: 13    Spells: 2/8 levels left

rFire   . . .        l - staff of poison
rCold   . . .        (no shield)
rNeg    + . .        a - +0 robe
rPois   +            (no helmet)
rElec   .            (no cloak)
rCorr   .            (no gloves)
SInv    .            (no boots)
Will    .....        (no amulet)
Stlth   ++           c - ring of positive energy
HPRegen 0.25/turn    (no ring)
MPRegen 0.11/turn

%: no passive effects
@: no status effects
A: claws 1, condensation shield
a: no special abilities


You escaped.
You visited 1 branch of the dungeon, and saw 3 of its levels.

You collected 103 gold pieces.

Inventory:

Armour
 a - a +0 robe (worn)
Magical Staves
 l - a staff of poison (weapon)
Jewellery
 c - a ring of positive energy (left claw)
Scrolls
 f - a scroll of amnesia {unknown}
 g - a scroll of identify {unknown}
 i - 2 scrolls of noise {unknown}
Potions
 b - a potion of magic
 e - a potion of resistance {unknown}
 h - a potion of haste {unknown}
 j - a potion of brilliance {unknown}
 k - a potion of curing {unknown}


   Skills:
 + Level 1.9 Fighting
 - Level 1.7 Dodging
 - Level 1.7 Stealth
 + Level 2.7 Spellcasting
 + Level 1.0 Conjurations
 - Level 0.8 Transmutations
 + Level 3.2 Earth Magic


You had 2 spell levels left.
You knew the following spells:

 Your Spells              Type           Power      Damage    Failure   Level
a - Sandblast             Erth           30%        2d9       4%          1
b - Passwall              Tmut/Erth      8%         N/A       11%         2
c - Stone Arrow           Conj/Erth      20%        3d8       21%         3

Your spell library contained the following spells:

 Spells                   Type           Power      Damage    Failure   Level
 Petrify                  Tmut/Erth      10%        N/A       56%         4
 Manifold Assault         Tloc           2%         N/A       83%         4
 Dispersal                Tloc           1%         N/A       100%        6
 Disjunction              Tloc           1%         N/A       100%        8


Dungeon Overview and Level Annotations

Branches:
Dungeon (3/15) Zot: 15854

Altars:

Shops:
D:1 [


Innate Abilities, Weirdness & Mutations

You have sharp fingernails.
A meltable shield of frost defends you. (SH +4)


Message History

Confirm with . or Enter, or press ? or * to list all spells.
Aiming: Sandblast (safe; 4% risk of failure)
Press: ? - help, Shift-Dir - straight line, f - you That would be overly suicidal.
Okay, then.
Casting: Sandblast (safe; 4% risk of failure)
Confirm with . or Enter, or press ? or * to list all spells.
Aiming: Sandblast (safe; 4% risk of failure)
Press: ? - help, Shift-Dir - straight line, f - you That would be overly suicidal.
Okay, then.
Casting: Sandblast (safe; 4% risk of failure)
Confirm with . or Enter, or press ? or * to list all spells.
Aiming: Sandblast (safe; 4% risk of failure)
Press: ? - help, Shift-Dir - straight line, f - you That would be overly suicidal.
Okay, then.
Casting: Sandblast (safe; 4% risk of failure)
Confirm with . or Enter, or press ? or * to list all spells.
Aiming: Sandblast (safe; 4% risk of failure)
Press: ? - help, Shift-Dir - straight line, f - ball python
Aim: a ball python (wandering, hasn't noticed you, 80% to hit)
The blast of sand hits the ball python!
You kill the ball python!
Your Conjurations skill increases to level 1!
Unknown command.
Unknown command.
(D) Dungeon
Where to? (Enter - D:3 @ (x,y), ? - help)
There is a stone staircase leading up here.
You climb upwards.
There is a stone staircase leading down here.
There is a stone staircase leading up here.
You climb upwards.
There is a stone staircase leading down here.
You enter the shallow water.
Moving in this stuff is going to be slow.
There is a staircase leading out of the dungeon here.
Are you sure you want to leave the Dungeon?
This will make you lose the game!
You have escaped!

## #.#########.##..........# ## .#
#...### ##.#######.....# #.
.#####.....####...####.......###.
....##.#.....#..~..#.....#.....#.
.......#8..~....~....~..8#...#.#.
##..#..##...~..~~~..~...##...#.#.
.#..#..#.....~~~~~~~.....#...#...
.#>..รท.....~~~~...~~~~....#######
.#.......~~~~~..@..~~~~~..# #....
.#.........~~~~...~~~~....# #....
.#.....#.....~~~~~~~.....## ##...
.#.....##...~..~~~..~...## #...
.#..#..#8..~....~....~..8# #...
.##.#..#.....#..~..#.....## #...
....#......####...####....# #...
..#......#######.#######..# #.##
..#.....................### #.##


There were no monsters in sight!

Vanquished Creatures
  An adder (D:2)
  A worm (D:2)
  2 dart slugs
  3 bats
  2 endoplasms (D:1)
  6 giant cockroaches
  A goblin (D:1)
  7 hobgoblins
  8 jackals
  5 kobolds
  5 ball pythons
  4 frilled lizards (D:2)
  2 rats (D:1)
47 creatures vanquished.

Notes
Turn   | Place    | Note
-------+----------+-------------------------------------------
     0 | D:1      | protoss039 the Demonspawn Earth Elementalist began the
                  | quest for the Orb.
     0 | D:1      | Reached XP level 1. HP: 13/13 MP: 3/3
   150 | D:1      | Discovered your monstrous ancestry.
   150 | D:1      | Gained mutation: You have sharp fingernails. [demonic
                  | ancestry]
   150 | D:1      | Reached XP level 2. HP: 20/20 MP: 3/5
   216 | D:1      | Found Itinykk's Antique Armour Shop.
   302 | D:1      | Reached skill level 1 in Fighting
   388 | D:1      | Reached skill level 3 in Earth Magic
   765 | D:1      | Reached XP level 3. HP: 24/26 MP: 1/6
  1111 | D:1      | Learned a level 2 spell: Passwall
  1115 | D:1      | Learned a level 3 spell: Stone Arrow
  1992 | D:3      | Gained mutation: A meltable shield of frost defends you.
                  | (SH +4) [demonic ancestry]
  1992 | D:3      | Reached XP level 4. HP: 33/33 MP: 6/8
  2052 | D:3      | Reached skill level 1 in Conjurations
  2114 | D:$      | Got out of the dungeon alive.

Illustrated notes

Levels and vault maps discovered:
D:1:      eino_arrival_water_star, layout_rooms, serial_shops, shop,
          serial_co_window_serial, co_window_paths_a, co_window_corner_a,
          co_window_paths_b, co_window_of_opportunity_a, co_window_paths_a,
          co_window_corner_a, co_window_corner_a, co_window_of_opportunity_a,
          co_window_of_opportunity_a, co_window_corner_cb, co_window_broadway_c,
          co_window_of_opportunity_c, glass_columns_b, minmay_tree_intersection,
          solitary_fountain
D:2:      layout_basic
D:3:      layout_basic

Skill      XL: |  1  2  3  4 |
---------------+-------------+-----
Fighting       | 1 |  1.9
Earth Magic    | 3 |  3.2
Conjurations   | 1 |  1.0
Dodging        | |  1.7
Stealth        | |  1.7
Spellcasting   | |  2.7
Transmutations | |  0.8

Action                     |  1- 3 |  4- 6 || total
---------------------------+-------+-------++-------
  Melee: Dagger            |    60 |       ||    60
         Punch             |     1 |       ||     1
   Cast: Sandblast         |    62 |     1 ||    63
   Stab: Sleeping          |     1 |       ||     1
 Armour: Robe              |    15 |       ||    15
  Dodge: Dodged            |    63 |       ||    63

Table legend: (Time is in decaauts)
 A = Elapsed time spent in this place.
 B = Non-inter-level travel time spent in this place.
 C = Inter-level travel time spent in this place.
 D = Time resting spent in this place.
 E = Time spent auto-exploring this place.
 F = Levels seen in this place.
 G = Mean time per level.
                   A        B        C        D        E       F      G
               +--------+--------+--------+--------+--------+-----+--------+
         Total |   2145 |   1956 |    189 |      0 |   1621 |   3 |  715.0 |
       Dungeon |   2145 |   1956 |    189 |      0 |   1621 |   3 |  715.0 |
               +--------+--------+--------+--------+--------+-----+--------+

Top non-repeatable levels by time:
     D:1: 1166 daAuts
     D:2: 875 daAuts
     D:3: 103 daAuts
